 Dungeon Crawl Stone Soup version 0.23-a0-625-g1d2cd9b (webtiles) character file.

5807 Hoople the Destroyer (level 10, -15/94 HPs)
             Began as an Ogre Fire Elementalist on Dec 24, 2018.
             Was a High Priest of Okawaru.
             Shot with an arrow by a centaur warrior (30 damage)
             ... on level 8 of the Dungeon.
             The game lasted 00:50:25 (11943 turns).

Hoople the Destroyer (Ogre Fire Elementalist)      Turns: 11943, Time: 00:50:26

Health: -15/94     AC:  4    Str: 15    XL:     10   Next: 79%
Magic:  4/20       EV: 10    Int: 18    God:    Okawaru [*****.]
Gold:   512        SH:  8    Dex:  9    Spells: 9/22 levels left

rFire    + . .     SeeInvis .   n - +0 glaive (chop)
rCold    . . .     Gourm    .   (shield currently unavailable)
rNeg     + . .     Faith    .   a - +0 robe
rPois    .         Spirit   .   (helmet restricted)
rElec    .         Reflect  +   K - +0 cloak
rCorr    .         Harm     .   (gloves unavailable)
MR       +....                  (boots unavailable)
Stlth    +.........             D - brooch of Shielding {Reflect SH+8}
HPRegen  0.25/turn              N - ring of protection from fire
MPRegen  0.17/turn              B - ring of positive energy (curse)

@: marked
A: large, unfitting armour, tough skin 1
a: Heroism, Finesse, Renounce Religion


You were on level 8 of the Dungeon.
You worshipped Okawaru.
Okawaru was extremely pleased with you.
You were hungry.

You visited 1 branch of the dungeon, and saw 8 of its levels.

You collected 512 gold pieces.

Inventory:

Hand Weapons
 b - a +0 dagger
 d - a +0 club
 i - a +0 spear
 n - a +0 glaive of chopping (weapon)
 F - a +0 giant club
 J - a +0 halberd
Missiles
 e - 10 javelins (quivered)
 t - 7 throwing nets
 w - 9 tomahawks
 Q - 4 javelins of returning
Armour
 a - a +0 robe (worn)
 r - a +0 shield
 K - a +0 cloak (worn)
Jewellery
 B - a cursed ring of positive energy (right hand)
 C - an uncursed amulet of faith {unknown}
 D - the brooch of Shielding (around neck) {Reflect SH+8}
   (You found it on level 4 of the Dungeon)

   [amulet of reflection]

   It shields you and reflects attacks.
   It affects your SH (+8).
 N - a ring of protection from fire (left hand)
Wands
 h - a wand of paralysis (5)
 L - a wand of clouds (4)
 M - a wand of enslavement (8)
Scrolls
 g - 4 scrolls of teleportation {unknown}
 l - 2 scrolls of enchant armour {unknown}
 m - 3 scrolls of blinking {unknown}
 o - 2 scrolls of remove curse {unknown}
 u - 3 scrolls of amnesia {unknown}
 v - 5 scrolls of fear {unknown}
 y - 3 scrolls of enchant weapon {unknown}
 G - a scroll of noise {unknown}
 I - a scroll of fog {unknown}
 P - a scroll of immolation {unknown}
Potions
 f - 2 potions of curing
 j - 2 potions of invisibility
 k - 2 potions of flight
 p - 3 potions of brilliance
 q - a potion of lignification {unknown}
 s - a potion of might {unknown}
 x - a potion of degeneration {unknown}
 z - a potion of agility {unknown}
 A - 2 potions of heal wounds {unknown}
 E - a potion of experience {unknown}
 H - a potion of ambrosia {unknown}
Comestibles
 c - 17 rations
 O - 2 chunks of flesh


   Skills:
 + Level 4.8 Fighting
 - Level 6.0 Polearms
 - Level 0.1 Throwing
 - Level 1.7 Dodging
 - Level 1.4 Stealth
 - Level 0.2 Shields
 + Level 6.7 Spellcasting
 * Level 9.5 Conjurations
 + Level 7.3 Fire Magic
 * Level 2.0 Invocations


You had 9 spell levels left.
You knew the following spells:

 Your Spells              Type           Power        Failure   Level  Hunger
a - Flame Tongue          Conj/Fire      #####        1%          1    None
b - Conjure Flame         Conj/Fire      #####...     1%          3    ##.....
c - Sticky Flame          Conj/Fire      #####...     3%          4    ####...
d - Fireball              Conj/Fire      #####.....   10%         5    #####..

Your spell library contained the following spells:

 Spells                   Type           Power        Failure   Level  Hunger
 Throw Flame              Conj/Fire      #####.       1%          2    None
 Inner Flame              Hex/Fire       ###.....     8%          3    ##.....


Dungeon Overview and Level Annotations

Branches:
Dungeon (8/15)             Temple (0/1) D:5
   Lair: D:8-11

Altars:
Elyvilon
Kikubaaqudgha
Makhleb
Okawaru
Qazlal
Ru
Trog
Xom
Zin
The Shining One

Annotations:
D:4 exclusion: downstairs
D:6 exclusion: downstairs
D:7 exclusion: downstairs


Innate Abilities, Weirdness & Mutations

You are too large for most types of armour.
You have tough skin. (AC +1)


Message History

Confirm with . or Enter, or press ? or * to list all spells.
Aiming: Flame Tongue (safe; 1% risk of failure)
Press: ? - help, Shift-Dir - straight line, f/p - iguana
Aim: an iguana (heavily wounded)
The flame tongue hits the iguana.
The iguana is almost dead.
The centaur warrior shoots an arrow.
The arrow hits you!! You block the iguana's attack.
Casting: Flame Tongue (safe; 1% risk of failure)
Confirm with . or Enter, or press ? or * to list all spells.
Aiming: Flame Tongue (safe; 1% risk of failure)
Press: ? - help, Shift-Dir - straight line, f/p - iguana
Aim: an iguana (almost dead)
The flame tongue hits the iguana.
You kill the iguana!
Okawaru accepts your kill.
The centaur warrior shoots an arrow.
The arrow hits you!!
* * * LOW HITPOINT WARNING * * *
The centaur warrior shoots an arrow.
The arrow hits you!!
You die...

........# #######.....#
#.......###............ #
#...._...##........#..#
###.#........##......).#..#
.............#######)......
.............# #.)....#.#
.≈#'#§...##........#####.#..#.#.#
#§≈§§≈# ##.#.†...##..))........
#....§# #.#.#@..##[##[..#.....
'.....# #.#......[......#.....
#.....# #.c.######.###..#.##.#
#.....# #F### #......#.##.#
'.....######'## #####..#.##.#
#.............###########..#.....
#.............'..................
#.............###########.##.####
#.............# #.##.#


You could see a centaur warrior and a bullfrog.

Vanquished Creatures
  Harold (D:7)
  Pikel (D:8)
  Grinder (D:6)
  6 yaks
  A steam dragon (D:7)
  2 orc warriors
  3 ice beasts
  2 slaves (D:8)
  4 phantoms
  A sky beast (D:7)
  4 ogres
  A centaur (D:5)
  A gnoll sergeant (D:8)
  4 bullfrogs (D:7)
  A wyvern zombie (D:6)
  5 scorpions
  4 wights (D:6)
  3 howler monkeys
  A crimson imp (D:6)
  2 bullfrog zombies (D:5)
  A jelly (D:5)
  3 gnoll shamans (D:5)
  4 orc priests
  A hound (D:6)
  4 orc wizards (D:8)
  An iguana (D:8)
  A centaur skeleton (D:4)
  Natasha (twice) (D:2)
  4 worker ants
  A worker ant zombie (D:6)
  38 gnolls
  9 adders
  2 shadow imps
  2 adder skeletons (D:6)
  A worm (D:1)
  6 dart slugs
  4 leopard geckos
  26 orcs
  4 giant cockroaches
  2 goblins
  3 hobgoblins
  27 jackals
  4 quokkas
  A ball python skeleton (D:4)
  8 bats
  7 frilled lizards
  5 kobolds
  A quokka skeleton (D:6)
  7 rats
227 creatures vanquished.

Vanquished Creatures (others)
  A slave (D:8)
1 creature vanquished.

Grand Total: 228 creatures vanquished

Notes
Turn   | Place    | Note
-------+----------+-------------------------------------------
     0 | D:1      | Hoople the Ogre Fire Elementalist began the quest for the
                  | Orb.
     0 | D:1      | Reached XP level 1. HP: 16/16 MP: 3/3
   221 | D:1      | Reached skill level 1 in Conjurations
   224 | D:1      | Reached skill level 1 in Fighting
   268 | D:1      | Reached XP level 2. HP: 27/27 MP: 5/5
  1024 | D:1      | Reached XP level 3. HP: 30/33 MP: 3/6
  1060 | D:2      | Learned a level 3 spell: Conjure Flame
  1071 | D:2      | Found a stormy altar of Qazlal.
  1513 | D:2      | Noticed Natasha
  1523 | D:2      | Killed Natasha
  1523 | D:2      | Reached XP level 4. HP: 14/42 MP: 0/8
  1725 | D:2      | Learned a level 4 spell: Sticky Flame
  1783 | D:2      | Reached skill level 1 in Polearms
  1945 | D:2      | Noticed Natasha
  1981 | D:2      | Killed Natasha
  1981 | D:2      | Reached skill level 2 in Conjurations
  2062 | D:3      | Found a shimmering altar of Xom.
  2696 | D:3      | Found a white marble altar of Elyvilon.
  3144 | D:4      | Reached XP level 5. HP: 50/50 MP: 7/9
  4021 | D:4      | Found an iron altar of Okawaru.
  4022 | D:4      | Found a bloodstained altar of Trog.
  4036 | D:4      | Became a worshipper of Warmaster Okawaru
  4390 | D:4      | Found the brooch of Shielding {Reflect SH+8}
  4641 | D:5      | Entered Level 5 of the Dungeon
  4647 | D:5      | Reached XP level 6. HP: 51/61 MP: 3/10
  5104 | D:4      | Reached skill level 3 in Conjurations
  5153 | D:5      | Noticed a phantom
  5168 | D:4      | Killed a phantom
  5168 | D:4      | Reached * piety under Okawaru
  5168 | D:4      | Reached XP level 7. HP: 56/68 MP: 5/12
  5436 | D:4      | Reached skill level 4 in Conjurations
  5930 | D:5      | Reached ** piety under Okawaru
  5933 | D:5      | Reached XP level 8. HP: 78/78 MP: 4/13
  5967 | D:5      | Reached skill level 5 in Conjurations
  6243 | D:5      | Found a staircase to the Ecumenical Temple.
  6348 | D:5      | Found a burning altar of Makhleb.
  6893 | D:5      | Reached skill level 5 in Fire Magic
  7033 | D:5      | Found a sacrificial altar of Ru.
  7054 | D:5      | Reached skill level 6 in Conjurations
  7553 | D:6      | Noticed Grinder
  7563 | D:6      | Killed Grinder
  7563 | D:6      | Reached *** piety under Okawaru
  7578 | D:6      | Reached XP level 9. HP: 69/84 MP: 4/14
  7581 | D:6      | Reached skill level 7 in Conjurations
  7747 | D:6      | Found a glowing golden altar of the Shining One.
  8701 | D:7      | Reached skill level 8 in Conjurations
  8712 | D:6      | Reached **** piety under Okawaru
  8712 | D:6      | Reached skill level 5 in Spellcasting
  8853 | D:7      | Reached skill level 5 in Polearms
  9035 | D:7      | Received a gift from Okawaru
  9037 | D:7      | Reached XP level 10. HP: 65/92 MP: 14/18
  9288 | D:7      | Learned a level 5 spell: Fireball
  9985 | D:7      | Found an ancient bone altar of Kikubaaqudgha.
  9996 | D:7      | Noticed Harold
 10013 | D:7      | Killed Harold
 10013 | D:7      | Reached skill level 9 in Conjurations
 10437 | D:8      | Found a glowing silver altar of Zin.
 10737 | D:8      | Reached skill level 1 in Invocations
 11909 | D:8      | Noticed Pikel
 11912 | D:8      | Killed Pikel
 11912 | D:8      | Reached ***** piety under Okawaru
 11939 | D:8      | Noticed a centaur warrior
 11943 | D:8      | Shot with an arrow by a centaur warrior

Vault maps used:
D:1:      sevenhm_arrival_forest_fort_small_4, serial_glass, glass_columns_c,
          glass_columns_a, glass_columns_a, glass_columns_c,
          chequers_serial_rivers_micro_d, minmay_misc_feat_chi
D:2:      nicolae_qazlal_general_emergency, minmay_crystal_room, uniq_natasha
D:3:      lemuel_crystal_altar, nicolae_overflow_hidden_temple, chequers_jeans
D:4:      grunt_temple_overflow_bloody_war
D:5:      lemuel_castle_with_subvaults, kennysheep_mini, lightli_temple_of_fire,
          minmay_temple_entry_poolview, first_ration
D:6:      tso_altar, uniq_grinder
D:7:      nicolae_overflow_crystal_walls, grunt_ogre_cave, uniq_harold
D:8:      dancing_weapons_uskayaw, kennysheep_mini_moat, basic_altar, uniq_pikel

Skill      XL: |  1  2  3  4  5  6  7  8  9 10 |
---------------+-------------------------------+-----
Conjurations   | 1 2 3 4 6 8 9 |  9.5
Fighting       | 1 2 3 4 |  4.8
Fire Magic     | 3 4 5 6 7 |  7.3
Polearms       | 1 2 3 5 6 |  6.0
Spellcasting   | 3 5 6 |  6.7
Invocations    | 2 |  2.0
Throwing       | |  0.1
Dodging        | |  1.7
Stealth        | |  1.4
Shields        | |  0.2

Action                   |  1- 3 |  4- 6 |  7- 9 | 10-12 || total
-------------------------+-------+-------+-------+-------++-------
Melee: Dagger            |     4 |       |       |       ||     4
       Spear             |    52 |   144 |   103 |       ||   299
       Halberd           |       |       |    97 |    32 ||   129
       Glaive            |       |       |       |    89 ||    89
Throw: Javelin           |       |     1 |     4 |     1 ||     6
 Cast: Flame Tongue      |    32 |    62 |   186 |    50 ||   330
       Conjure Flame     |       |     5 |     7 |     3 ||    15
       Sticky Flame      |       |       |    13 |    19 ||    32
       Fireball          |       |       |       |     3 ||     3
  Use: Potion            |       |     1 |       |     4 ||     5
       Scroll            |       |       |       |     6 ||     6
 Stab: Sleeping          |     3 |     3 |     2 |     2 ||    10
  Eat: Chunk             |     2 |    10 |    14 |     9 ||    35
       Ration            |       |     1 |       |     1 ||     2
Armor: Robe              |    18 |    31 |    31 |    57 ||   137
Dodge: Dodged            |    35 |    61 |    75 |    97 ||   268
Block: Other             |       |     5 |    76 |    73 ||   154
       Reflection        |       |       |     3 |       ||     3

Table legend:
 A = Non-vault XP
 B = Vault XP
 C = Vault XP percentage of total XP
 D = Non-vault monster count
 E = Vault monster count
 F = Vault count percentage of total count
                 A         B        C        D         E       F
            +---------+---------+-------+---------+---------+-------
      Total |    5503 |    2794 |  33.7 |     167 |      58 |  25.8
            +---------+---------+-------+---------+---------+-------
        D:1 |      35 |       0 |   0.0 |      21 |       0 |   0.0
        D:2 |      72 |      35 |  32.7 |      13 |       1 |   7.1
        D:3 |      15 |       0 |   0.0 |      10 |       0 |   0.0
        D:4 |     634 |       5 |   0.8 |      32 |       2 |   5.9
        D:5 |     465 |     743 |  61.5 |      14 |      51 |  78.5
        D:6 |    1195 |     304 |  20.3 |      21 |       1 |   4.5
        D:7 |    1999 |    1090 |  35.3 |      22 |       2 |   8.3
        D:8 |    1088 |     617 |  36.2 |      34 |       1 |   2.9
            +---------+---------+-------+---------+---------+-------
